 Dungeon Crawl Stone Soup version 0.24.0-125-gc4c63601f3 (webtiles) character file.

Game seed: 8708284148282126762, levelgen mode: deterministic

2436 Freitmort the Thaumaturge (level 9, -1/45 HPs)
             Began as a Deep Elf Fire Elementalist on Feb 13, 2020.
             Was an Initiate of Vehumet.
             Slain by a death knight
             ... wielding a +4 battleaxe of venom
              (15 damage)
             ... on level 7 of the Dungeon on Feb 17, 2020.
             The game lasted 00:58:25 (11482 turns).

Freitmort the Thaumaturge (DEFE)                   Turns: 11482, Time: 00:58:25

Health: -1/45      AC:  3    Str:  7    XL:     9   Next: 24%
Magic:  13/25      EV: 19    Int: 22    God:    Vehumet [......]
Gold:   378        SH:  0    Dex: 15    Spells: 16/28 levels left

rFire    . . .     SeeInvis .   g - +1 short sword
rCold    . . .     Gourm    .   (no shield)
rNeg     . . .     Faith    .   a - +1 robe
rPois    .         Spirit   .   (no helmet)
rElec    .         Reflect  .   (no cloak)
rCorr    .         Harm     .   (no gloves)
MR       .....                  (no boots)
Stlth    +++.......             (no amulet)
HPRegen  0.15/turn              d - +3 ring of evasion
MPRegen  0.19/turn              w - +3 ring of evasion

@: about to teleport
A: no striking features
a: Renounce Religion


You were on level 7 of the Dungeon.
You worshipped Vehumet.
Vehumet was noncommittal.
You were not hungry.

You visited 2 branches of the dungeon, and saw 8 of its levels.

You collected 378 gold pieces.

Inventory:

Hand Weapons
 g - a +1 short sword (weapon)
Armour
 a - a +1 robe (worn)
Jewellery
 d - a +3 ring of evasion (left hand)
 w - a +3 ring of evasion (right hand)
Wands
 j - a wand of iceblast (7)
 s - a wand of digging (5)
 u - a wand of random effects (13)
 x - a wand of flame (17)
Scrolls
 b - 4 scrolls of amnesia
 k - 3 scrolls of immolation
 l - 2 scrolls of remove curse
 n - 5 scrolls of teleportation
 t - a scroll of identify
Potions
 e - 2 potions of brilliance
 f - 2 potions of agility
 h - 3 potions of cancellation
 i - a potion of flight
 m - 4 potions of curing
 o - a potion of heal wounds
 p - a potion of resistance
 q - 2 potions of lignification
 r - a potion of mutation
 z - 2 potions of degeneration
Comestibles
 c - 8 rations


   Skills:
 + Level 0.1 Fighting
 + Level 2.8 Dodging
 + Level 4.3 Stealth
 + Level 10.0 Spellcasting
 + Level 7.0 Conjurations
 + Level 8.1 Fire Magic
 * Level 2.3 Evocations


You had 16 spell levels left.
You knew the following spells:

 Your Spells              Type           Power        Failure   Level  Hunger
a - Flame Tongue          Conj/Fire      #####        1%          1    None
b - Throw Flame           Conj/Fire      #####.       1%          2    None
c - Sticky Flame          Conj/Fire      #####...     2%          4    ##.....
d - Fireball              Conj/Fire      #####.....   8%          5    ####...

Your spell library contained the following spells:

 Spells                   Type           Power        Failure   Level  Hunger
 Conjure Flame            Conj/Fire      #####...     1%          3    None
 Inner Flame              Hex/Fire       ####....     3%          3    None


Dungeon Overview and Level Annotations

Branches:
Dungeon (7/15)             Temple (1/1) D:6

Altars:
Dithmenos
Fedhas
Gozag
Hepliaklqana
Nemelex Xobeh
Qazlal
Ru
Sif Muna
Vehumet
Wu Jian
Yredelemnul
Zin
The Shining One


Message History

Aim: a death knight, wielding a +4 battleaxe of venom and wearing a +0 chain mail (moderately wounded)
The sticky flame hits the death knight but does no damage.
The death knight is moderately wounded.
The death knight is covered in liquid flames!
The death knight burns!
The death knight hits you with a +4 battleaxe of venom!!
Ouch! That really hurt!
* * * LOW HITPOINT WARNING * * *
You are lethally poisoned!
* * * LOW HITPOINT WARNING * * *
You feel sick.
The death knight burns!
As you read the scroll of teleportation, it crumbles to dust.
You feel strangely unstable.
* * * LOW HITPOINT WARNING * * *
You feel sick.
The death knight burns!
The death knight offers itself to Yredelemnul, and fills with unholy energy.
You feel better.
The death knight burns!
The death knight stops burning.
The death knight reflects your damage back at you!
The death knight hits you with a +4 battleaxe of venom!
You die...

#.#.#.#########...#
#...#.........#...#
#.#.'...#######..c#*
#...#...#######5...#
#.#.#.#.............
#...###.............
###.#.....#######...
#...#.....#,,,,,****
#.#@#.....#,,,,,*,,*
#.gp#.....+,,,,,*,,*
#.#.#....##***+**,,*
#.Kg#....#,,,*,,**+*
#.#.#>...#,,,*,,,,,,
#...#.g..###+*,*****
###.#.....P#,,,*,,*,
#........#,,,*,,*,
###.g.K.##+*,**+**


You could see a death knight, 2 goblins and a kobold.

Vanquished Creatures
  A slime creature (D:7)
  Duvessa (D:5)
  2 orc warriors
  A black bear (D:7)
  A sky beast (D:5)
  An ice beast (D:5)
  A phantom (D:5)
  2 centaurs
  4 bullfrogs
  Dowan (D:5)
  2 howler monkeys
  2 centaur zombies (D:5)
  A bullfrog zombie (D:6)
  A quasit (D:5)
  2 centaur skeletons
  5 orc priests
  2 hounds (D:6)
  A jelly (D:6)
  5 orc wizards
  2 iguanas
  5 worker ants
  A killer bee zombie (D:5)
  A hound zombie (D:7)
  9 gnolls
  8 adders
  A shadow imp (D:6)
  3 oozes
  4 worms
  2 dart slugs
  A leopard gecko (D:5)
  28 orcs
  5 giant cockroaches
  8 hobgoblins
  6 jackals
  4 kobolds
  2 quokkas
  3 bats
  3 frilled lizards
  10 goblins
  2 leopard gecko skeletons
  A quokka skeleton (D:4)
  5 rats
150 creatures vanquished.

Vanquished Creatures (others)
  3 fungi (D:5)
  3 toadstools (D:5)
6 creatures vanquished.

Grand Total: 156 creatures vanquished

Notes
Turn   | Place    | Note
-------+----------+-------------------------------------------
     0 | D:1      | Freitmort the Deep Elf Fire Elementalist began the quest
                  | for the Orb.
     0 | D:1      | Reached XP level 1. HP: 10/10 MP: 6/6
   202 | D:1      | Reached XP level 2. HP: 15/15 MP: 4/8
   324 | D:1      | Learned a level 2 spell: Throw Flame
  1074 | D:2      | Reached XP level 3. HP: 19/19 MP: 4/9
  1653 | D:2      | Reached skill level 4 in Spellcasting
  1653 | D:2      | Reached XP level 4. HP: 24/24 MP: 7/12
  2448 | D:3      | Learned a level 4 spell: Sticky Flame
  3137 | D:3      | Noticed an orc warrior
  3460 | D:3      | Reached skill level 5 in Spellcasting
  3460 | D:3      | Reached XP level 5. HP: 28/28 MP: 9/14
  3978 | D:3      | Learned a level 5 spell: Fireball
  4105 | D:4      | Upgraded the game from 0.24.0-123-gd5b16e6ec5 to
                  | 0.24.0-124-g2791043dd8
  4823 | D:4      | Reached skill level 5 in Fire Magic
  4823 | D:4      | Reached XP level 6. HP: 32/32 MP: 4/16
  5016 | D:4      | Found a sacrificial altar of Ru.
  5531 | D:5      | Entered Level 5 of the Dungeon
  5743 | D:5      | Reached skill level 6 in Spellcasting
  5906 | D:5      | Noticed an ice beast
  5919 | D:5      | Killed an ice beast
  5919 | D:5      | Reached XP level 7. HP: 36/36 MP: 0/18
  6412 | D:5      | Noticed Dowan
  6667 | D:5      | Reached skill level 7 in Spellcasting
  6670 | D:5      | Noticed Duvessa
  6674 | D:5      | Reached skill level 5 in Conjurations
  6857 | D:5      | Killed Dowan
  7081 | D:5      | Reached XP level 8. HP: 41/41 MP: 11/21
  7244 | D:5      | Killed Duvessa
  7550 | D:5      | Reached skill level 8 in Spellcasting
  8446 | D:6      | Found a sparkling altar of Nemelex Xobeh.
  8575 | D:6      | Found a staircase to the Ecumenical Temple.
  8585 | Temple   | Entered the Ecumenical Temple
  8622 | Temple   | Became a worshipper of Vehumet
  9169 | D:6      | Found an ornate altar of the Wu Jian Council.
  9169 | D:6      | Found a stormy altar of Qazlal.
  9704 | D:6      | Reached skill level 9 in Spellcasting
 10312 | D:5      | Upgraded the game from 0.24.0-124-g2791043dd8 to
                  | 0.24.0-125-gc4c63601f3
 10492 | D:6      | Reached XP level 9. HP: 45/45 MP: 21/24
 10797 | D:7      | Noticed a death knight
 10830 | D:7      | Reached skill level 1 in Evocations
 11241 | D:7      | Reached skill level 10 in Spellcasting
 11482 | D:7      | Slain by a death knight

Levels and vault maps discovered:
D:1:      dpeg_arrival_morbid_curiosity, layout_basic
D:2:      layout_loops_ring
D:3:      layout_basic
D:4:      layout_rooms, nicolae_ru_the_path_less_chosen, grunt_decor_fettered,
          corexii_leaking_fountain, minmay_goblin_outpost
D:5:      layout_loops_cross, first_ration, minmay_gold_behind_fungi,
          kennysheep_generic_room_9, uniq_duvessa
D:6:      layout_loops_ring, lemuel_crystal_altar,
          chequers_temple_overflow_statue_of_worship, minmay_temple_entry_wispy,
          minmay_diced_spiral
D:7:      corexii_shantytown, layout_rooms, hangedman_minor_gate_pass
Temple:   compressed_dpeg_triangle_lava_temple

Skill      XL: |  1  2  3  4  5  6  7  8  9 |
---------------+----------------------------+-----
Fire Magic     | 4 5 6 7 8 |  8.1
Conjurations   | 2 3 4 5 6 7 |  7.0
Spellcasting   | 4 5 6 7 9 10 | 10.0
Stealth        | 3 4 |  4.3
Evocations     | 2 |  2.3
Fighting       | |  0.1
Dodging        | |  2.8

Action                   |  1- 3 |  4- 6 |  7- 9 || total
-------------------------+-------+-------+-------++-------
Melee: Short sword       |       |       |     5 ||     5
 Cast: Flame Tongue      |    39 |    71 |    82 ||   192
       Throw Flame       |    17 |    82 |    89 ||   188
       Sticky Flame      |       |     3 |    16 ||    19
       Fireball          |       |       |    16 ||    16
Evoke: Wand              |       |       |     1 ||     1
  Use: Scroll            |     5 |    10 |     7 ||    22
       Potion            |       |       |     2 ||     2
  Eat: Chunk             |     2 |     7 |     8 ||    17
       Ration            |       |     2 |     4 ||     6
Armor: Robe              |       |     3 |     6 ||     9
Dodge: Dodged            |     2 |    21 |    53 ||    76
